TOP OF THE 1ST |
St. Cloud Rox batting - Pitching for Sioux Falls Packers : LHP Jose Perez
|
Pitching: LHP Jose Perez
|
|
Batting: LHB Tim Flannery
|
0-0: Ground out U3 (Groundball, 3, EV 97.5 MPH)
|
Batting: RHB Ron Gooch
|
0-0: Swinging Strike 0-1: Called Strike 0-2: Strikes out swinging
|
Batting: SHB R J Reynolds
|
0-0: Ball 1-0: Swinging Strike 1-1: Swinging Strike 1-2: Ball 2-2: SINGLE (Groundball, 4D, EV 106.3 MPH)
|
Batting: RHB Domingos Maravilhas
|
0-0: Ball 1-0: Ball 2-0: Called Strike 2-1: Ball 3-1: Base on Balls R J Reynolds to second
|
Batting: LHB Curtis Morgan
|
0-0: Swinging Strike 0-1: Foul Ball, location: 2F 0-2: Foul Ball, location: 2F 0-2: Ball 1-2: Ball 2-2: Ball 3-2: Base on Balls R J Reynolds to third Domingos Maravilhas to second
|
Batting: RHB Rich Velasquez
|
0-0: Ball 1-0: Foul Ball, location: 2F 1-1: Called Strike 1-2: SINGLE (Line Drive, 6D, EV 94.4 MPH) R J Reynolds scores Domingos Maravilhas to third Curtis Morgan to second Runner from 3rd tries for Home, SAFE, throw by LF to home
|
Batting: RHB Dennis Sherrill
|
0-0: Foul Ball, location: 2F 0-1: Foul Ball, location: 2F 0-2: Strikes out swinging
|
Top of the 1st over - 2 runs, 2 hits, 0 errors, 2 left on base; St. Cloud 2 - Sioux Falls 0 |
BOTTOM OF THE 1ST |
Sioux Falls Packers batting - Pitching for St. Cloud Rox : RHP Lawrence Crews
|
Pitching: RHP Lawrence Crews
|
|
Batting: RHB Donald Devlin
|
0-0: Foul Ball, location: 2F 0-1: Foul Ball, location: 2F 0-2: Foul Ball, location: 2F 0-2: Ball 1-2: Fly out, F9 (Flyball, 89D, EV 107.5 MPH)
|
Batting: RHB Javier Flores
|
0-0: Ball 1-0: SOLO HOME RUN (Flyball, 7D, EV 110.6 MPH), Distance : 376 ft
|
Batting: LHB Mike Aldrete
|
0-0: Swinging Strike 0-1: Foul Ball, location: 2F 0-2: Strikes out swinging
|
Batting: SHB Dan Hanggie
|
0-0: Ground out 4-3 (Groundball, 13, EV 85.0 MPH)
|
Bottom of the 1st over - 1 run, 1 hit, 0 errors, 0 left on base; St. Cloud 2 - Sioux Falls 1 |
TOP OF THE 2ND |
St. Cloud Rox batting - Pitching for Sioux Falls Packers : LHP Jose Perez
|
Batting: SHB Manny Galvez
|
0-0: Called Strike 0-1: Ball 1-1: Ball 2-1: Ball 3-1: Foul Ball, location: 2F 3-2: Foul Ball, location: 2F 3-2: Base on Balls
|
Batting: RHB Butch Benton
|
0-0: SINGLE (Line Drive, 34, EV 95.0 MPH) Manny Galvez to second Runner from 2nd tries for 3rd, SAFE, no throw by RF
|
Batting: LHB Tim Flannery
|
0-0: Ball 1-0: Ball 2-0: Ball 3-0: Called Strike 3-1: Called Strike 3-2: Base on Balls Butch Benton to second
|
Batting: RHB Ron Gooch
|
0-0: Called Strike 0-1: Foul Ball, location: 2F 0-2: Ball 1-2: Foul Ball, location: 2F 1-2: Ball 2-2: Fly out, F9 (Flyball, 9, EV 94.4 MPH) Runner from 3rd tags up, SCORES, throw by RF Butch Benton to third
|
Batting: SHB R J Reynolds
|
0-0: Ball 1-0: Ball 2-0: Ball 3-0: Swinging Strike 3-1: Called Strike 3-2: SINGLE (Groundball, 34D, EV 101.3 MPH) (infield hit) Butch Benton scores Tim Flannery to second
|
Batting: RHB Domingos Maravilhas
|
0-0: Called Strike 0-1: Ball 1-1: Ball 2-1: Grounds into double play, 6-4-3 (Groundball, 56, EV 100.0 MPH)
|
Top of the 2nd over - 2 runs, 2 hits, 0 errors, 1 left on base; St. Cloud 4 - Sioux Falls 1 |
BOTTOM OF THE 2ND |
Sioux Falls Packers batting - Pitching for St. Cloud Rox : RHP Lawrence Crews
|
Batting: LHB Randy Salava
|
0-0: Ball 1-0: Called Strike 1-1: Ball 2-1: Swinging Strike 2-2: Foul Ball, location: 2F 2-2: Ground out U3 (Groundball, 3, EV 88.1 MPH)
|
Batting: SHB Gary Springer
|
0-0: Ball 1-0: Swinging Strike 1-1: Ground out 4-3 (Groundball, 4MD, EV 83.8 MPH)
|
Batting: LHB Michael Robbins
|
0-0: Called Strike 0-1: Ball 1-1: Ball 2-1: Ball 3-1: Foul Ball, location: 2F 3-2: Base on Balls
|
Batting: RHB Ben Amaya
|
0-0: Called Strike 0-1: Fielders Choice at 2nd, 5-4 (Groundball, 56, EV 90.6 MPH)
|
Bottom of the 2nd over - 0 runs, 0 hits, 0 errors, 1 left on base; St. Cloud 4 - Sioux Falls 1 |
TOP OF THE 3RD |
St. Cloud Rox batting - Pitching for Sioux Falls Packers : LHP Jose Perez
|
Batting: LHB Curtis Morgan
|
0-0: Ball 1-0: Foul Ball, location: 2F 1-1: Foul Ball, location: 2F 1-2: Ground out 6-3 (Groundball, 6S, EV 89.4 MPH)
|
Batting: RHB Rich Velasquez
|
0-0: Ball 1-0: Ball 2-0: Called Strike 2-1: Fly out, F8 (Flyball, 8RD, EV 80.0 MPH)
|
Batting: RHB Dennis Sherrill
|
0-0: SINGLE (Groundball, 56D, EV 93.8 MPH)
|
Batting: SHB Manny Galvez
|
0-0: Ball 1-0: DOUBLE (Line Drive, 8LXD, EV 101.9 MPH) Dennis Sherrill to third Runner from 3rd tries for Home, SAFE, no throw by CF
|
Batting: RHB Butch Benton
|
0-0: Swinging Strike 0-1: Ball 1-1: Swinging Strike 1-2: Ball 2-2: Foul Ball, location: 2F 2-2: Foul Ball, location: 2F 2-2: SINGLE (Groundball, 6M, EV 100.0 MPH) (infield hit) Manny Galvez to third
|
Batting: LHB Tim Flannery
|
0-0: Ball 1-0: Foul Ball, location: 2F 1-1: Swinging Strike 1-2: TRIPLE (Line Drive, 89XD, EV 108.8 MPH) Manny Galvez scores Butch Benton scores
|
Pitching: RHP Juan Ponce
|
|
Batting: RHB Ron Gooch
|
0-0: Ball 1-0: Ball 2-0: SINGLE (Flyball, 89S, EV 100.6 MPH) Tim Flannery scores
|
Batting: SHB R J Reynolds
|
0-0: Ball 1-0: Called Strike 1-1: Ball 2-1: Swinging Strike 2-2: Ball 3-2: Ground out 5-3 (Groundball, 5, EV 105.6 MPH)
|
Top of the 3rd over - 4 runs, 5 hits, 0 errors, 1 left on base; St. Cloud 8 - Sioux Falls 1 |
BOTTOM OF THE 3RD |
Sioux Falls Packers batting - Pitching for St. Cloud Rox : RHP Lawrence Crews
|
Batting: RHB Francisco Perez
|
0-0: Called Strike 0-1: Ball 1-1: Foul Ball, location: 2F 1-2: Foul Ball, location: 2F 1-2: Foul Ball, location: 2F 1-2: Ground out 5-3 (Groundball, 25, EV 85.0 MPH)
|
Batting: RHB Donald Devlin
|
0-0: Ball 1-0: Ball 2-0: Foul Ball, location: 2F 2-1: Swinging Strike 2-2: Foul Ball, location: 2F 2-2: Foul Ball, location: 2F 2-2: Foul Ball, location: 2F 2-2: Ball 3-2: Reached via error on a dropped throw from 1B, E1 (Groundball, 34S, EV 76.3 MPH)
|
Batting: RHB Javier Flores
|
0-0: Ball 1-0: Called Strike Donald Devlin steals 2nd base (no throw) 1-1: Ground out U3 (Groundball, 34, EV 92.5 MPH) Donald Devlin to third
|
Batting: LHB Mike Aldrete
|
0-0: Ball 1-0: Swinging Strike 1-1: Called Strike 1-2: Foul Ball, location: 2F 1-2: SINGLE (Groundball, 4MD, EV 106.3 MPH) Donald Devlin scores
|
Batting: SHB Dan Hanggie
|
0-0: Called Strike Mike Aldrete steals 2nd, throwing error, E2 Mike Aldrete to third 0-1: Ball 1-1: DOUBLE (Line Drive, 78M, EV 96.3 MPH) Mike Aldrete scores
|
Batting: LHB Randy Salava
|
0-0: SINGLE (Groundball, 3S, EV 64.4 MPH) (infield hit) Dan Hanggie to third
|
Batting: SHB Gary Springer
|
Pickoff Throw to First - Error! E1 Dan Hanggie scores Randy Salava to second 0-0: Called Strike 0-1: Called Strike 0-2: Strikes out swinging
|
Bottom of the 3rd over - 3 runs, 3 hits, 3 errors, 1 left on base; St. Cloud 8 - Sioux Falls 4 |
TOP OF THE 4TH |
St. Cloud Rox batting - Pitching for Sioux Falls Packers : RHP Juan Ponce
|
Batting: RHB Domingos Maravilhas
|
0-0: Fly out, F7 (Flyball, 78D, EV 93.1 MPH)
|
Batting: LHB Curtis Morgan
|
0-0: Foul Ball, location: 2F 0-1: Ball 1-1: Ball 2-1: Ball 3-1: Called Strike 3-2: Fly out, F4 (Flyball, 4D, EV 91.9 MPH)
|
Batting: RHB Rich Velasquez
|
0-0: Called Strike 0-1: Ball 1-1: Fly out, F7 (Flyball, 78D, EV 110.6 MPH)
|
Top of the 4th over - 0 runs, 0 hits, 0 errors, 0 left on base; St. Cloud 8 - Sioux Falls 4 |
BOTTOM OF THE 4TH |
Sioux Falls Packers batting - Pitching for St. Cloud Rox : RHP Lawrence Crews
|
Batting: LHB Michael Robbins
|
0-0: Ball 1-0: SINGLE (Flyball, 8LS, EV 98.8 MPH)
|
Batting: RHB Ben Amaya
|
0-0: Ball 1-0: SINGLE (Groundball, 34D, EV 108.8 MPH) Michael Robbins to second Runner from 2nd tries for 3rd, SAFE, throw by RF made to third
|
Batting: RHB Francisco Perez
|
0-0: Ball 1-0: Foul Ball, location: 2F 1-1: Foul Ball, location: 2F 1-2: Ball 2-2: Ball 3-2: Strikes out looking
|
Batting: RHB Donald Devlin
|
0-0: Ball 1-0: Ball 2-0: Foul Ball, location: 2F 2-1: Ball 3-1: Fielders Choice at 2nd, 6-4 (Groundball, 6, EV 95.0 MPH) Michael Robbins scores
|
Batting: RHB Javier Flores
|
0-0: Ball Donald Devlin is caught stealing 2nd base 2-4
|
Bottom of the 4th over - 1 run, 2 hits, 0 errors, 0 left on base; St. Cloud 8 - Sioux Falls 5 |
TOP OF THE 5TH |
St. Cloud Rox batting - Pitching for Sioux Falls Packers : RHP Juan Ponce
|
Batting: RHB Dennis Sherrill
|
0-0: Ball 1-0: Called Strike 1-1: Ball 2-1: Ball 3-1: Ground out 6-3 (Groundball, 6, EV 83.1 MPH)
|
Batting: SHB Manny Galvez
|
0-0: Ball 1-0: Fly out, F7 (Line Drive, 7D, EV 90.0 MPH)
|
Batting: RHB Butch Benton
|
0-0: Ball 1-0: Ball 2-0: Called Strike 2-1: Foul Ball, location: 2F 2-2: Ball 3-2: Foul Ball, location: 2F 3-2: Ground out 4-3 (Groundball, 4MD, EV 100.0 MPH)
|
Top of the 5th over - 0 runs, 0 hits, 0 errors, 0 left on base; St. Cloud 8 - Sioux Falls 5 |
BOTTOM OF THE 5TH |
Sioux Falls Packers batting - Pitching for St. Cloud Rox : RHP Lawrence Crews
|
Batting: RHB Javier Flores
|
0-0: Ball 1-0: Foul Ball, location: 2F 1-1: Ball 2-1: Ball 3-1: Foul Ball, location: 2F 3-2: Base on Balls
|
Batting: LHB Mike Aldrete
|
0-0: Ball 1-0: Ground out 4-3 (Groundball, 13, EV 81.3 MPH) Javier Flores to second
|
Batting: SHB Dan Hanggie
|
0-0: Ball 1-0: Ball 2-0: Ball 3-0: Foul Ball, location: 2F 3-1: Foul Ball, location: 2F 3-2: Fly out, F6 (Flyball, 56D, EV 86.3 MPH)
|
Batting: LHB Randy Salava
|
0-0: Ball 1-0: Called Strike 1-1: Called Strike 1-2: Fly out, F9 (Line Drive, 9, EV 98.8 MPH)
|
Bottom of the 5th over - 0 runs, 0 hits, 0 errors, 1 left on base; St. Cloud 8 - Sioux Falls 5 |
TOP OF THE 6TH |
St. Cloud Rox batting - Pitching for Sioux Falls Packers : RHP Juan Ponce
|
Batting: LHB Tim Flannery
|
0-0: Foul Ball, location: 2F 0-1: Ball 1-1: Called Strike 1-2: Foul Ball, location: 2F 1-2: SOLO HOME RUN (Flyball, 89XD, EV 97.5 MPH), Distance : 416 ft
|
Batting: RHB Ron Gooch
|
0-0: Ball 1-0: Foul Ball, location: 2F 1-1: Called Strike 1-2: Fly out, F7 (Flyball, 7, EV 79.4 MPH)
|
Batting: SHB R J Reynolds
|
0-0: Foul Ball, location: 2F 0-1: Foul Ball, location: 2F 0-2: SINGLE (Line Drive, 4D, EV 96.9 MPH)
|
Batting: RHB Domingos Maravilhas
|
0-0: Foul Ball, location: 2F 0-1: Ball 1-1: Grounds into double play, 6-4-3 (Groundball, 6, EV 90.0 MPH)
|
Top of the 6th over - 1 run, 2 hits, 0 errors, 0 left on base; St. Cloud 9 - Sioux Falls 5 |
BOTTOM OF THE 6TH |
Sioux Falls Packers batting - Pitching for St. Cloud Rox : RHP Lawrence Crews
|
Batting: SHB Gary Springer
|
0-0: Ball 1-0: Called Strike 1-1: Fly out, F8 (Flyball, 8LM, EV 83.8 MPH)
|
Batting: LHB Michael Robbins
|
0-0: Foul Ball, location: 2F 0-1: Ball 1-1: Ball 2-1: Foul Ball, location: 2F 2-2: Fly out, F6 (Flyball, 6D, EV 86.9 MPH)
|
Batting: RHB Ben Amaya
|
0-0: Ball 1-0: Ball 2-0: Called Strike 2-1: Foul Ball, location: 2F 2-2: Strikes out swinging
|
Bottom of the 6th over - 0 runs, 0 hits, 0 errors, 0 left on base; St. Cloud 9 - Sioux Falls 5 |
TOP OF THE 7TH |
St. Cloud Rox batting - Pitching for Sioux Falls Packers : RHP Juan Ponce
|
Batting: LHB Curtis Morgan
|
0-0: Swinging Strike 0-1: Swinging Strike 0-2: Ball 1-2: Ball 2-2: Foul Ball, location: 2F 2-2: Foul Ball, location: 2F 2-2: Ground out U3 (Groundball, 3S, EV 66.9 MPH)
|
Batting: RHB Rich Velasquez
|
0-0: Ball 1-0: Called Strike 1-1: Called Strike 1-2: Foul Ball, location: 2F 1-2: Ground out 6-3 (Groundball, 6, EV 90.6 MPH)
|
Batting: RHB Dennis Sherrill
|
0-0: Called Strike 0-1: SINGLE (Groundball, 4D, EV 93.8 MPH)
|
Batting: SHB Manny Galvez
|
0-0: Called Strike Dennis Sherrill steals 2nd base 0-1: Swinging Strike 0-2: Ball 1-2: Ball 2-2: Foul Ball, location: 2F 2-2: Foul Ball, location: 2F 2-2: Strikes out swinging
|
Top of the 7th over - 0 runs, 1 hit, 0 errors, 1 left on base; St. Cloud 9 - Sioux Falls 5 |
BOTTOM OF THE 7TH |
Sioux Falls Packers batting - Pitching for St. Cloud Rox : RHP Lawrence Crews
|
Pitching: RHP Mike Smith
|
|
Batting: RHB Francisco Perez
|
0-0: Foul Ball, location: 2F 0-1: Called Strike 0-2: Strikes out swinging
|
Batting: RHB Donald Devlin
|
0-0: Ball 1-0: Called Strike 1-1: Ball 2-1: Ball 3-1: Base on Balls
|
Batting: RHB Javier Flores
|
0-0: Ball 1-0: Swinging Strike 1-1: Swinging Strike 1-2: Ball 2-2: Foul Ball, location: 2F 2-2: Fly out, F7 (Flyball, 7, EV 76.3 MPH)
|
Batting: LHB Mike Aldrete
|
0-0: Ball 1-0: Ball 2-0: Called Strike 2-1: Foul Ball, location: 2F 2-2: Foul Ball, location: 2F 2-2: Foul Ball, location: 2F 2-2: Ball Donald Devlin steals 2nd base 3-2: Base on Balls
|
Batting: SHB Dan Hanggie
|
0-0: Ball 1-0: Called Strike 1-1: Ball 2-1: Ground out 4-3 (Groundball, 4, EV 105.0 MPH)
|
Bottom of the 7th over - 0 runs, 0 hits, 0 errors, 2 left on base; St. Cloud 9 - Sioux Falls 5 |
TOP OF THE 8TH |
St. Cloud Rox batting - Pitching for Sioux Falls Packers : RHP Juan Ponce
|
Batting: RHB Butch Benton
|
0-0: Fly out, F8 (Line Drive, 8LM, EV 106.3 MPH)
|
Batting: LHB Tim Flannery
|
0-0: Ball 1-0: Ball 2-0: Ball 3-0: Called Strike 3-1: Base on Balls
|
Pitching: RHP Boyce Orosco
|
|
Batting: RHB Ron Gooch
|
0-0: Ball Tim Flannery steals 2nd base 1-0: Ball 2-0: Called Strike 2-1: Called Strike 2-2: Strikes out swinging
|
Batting: SHB R J Reynolds
|
0-0: Ground out 5-3 (Groundball, 5, EV 100.6 MPH)
|
Top of the 8th over - 0 runs, 0 hits, 0 errors, 1 left on base; St. Cloud 9 - Sioux Falls 5 |
BOTTOM OF THE 8TH |
Sioux Falls Packers batting - Pitching for St. Cloud Rox : RHP Mike Smith
|
Batting: LHB Randy Salava
|
0-0: Ball 1-0: Ball 2-0: SINGLE (Line Drive, 9S, EV 104.4 MPH)
|
Pitching: LHP Mark Shiflett
|
|
Batting: SHB Gary Springer
|
0-0: Foul Ball, location: 2F 0-1: Foul Ball, location: 2F 0-2: Fielders Choice at 2nd, 5-4 (Groundball, 5, EV 88.8 MPH)
|
Batting: LHB Michael Robbins
|
0-0: Foul Ball, location: 2F 0-1: Ball 1-1: Ball 2-1: Ball 3-1: Called Strike 3-2: Foul Ball, location: 2F 3-2: SINGLE (Line Drive, 78S, EV 91.3 MPH) Gary Springer to second
|
Batting: RHB Ben Amaya
|
0-0: Ball 1-0: Ball 2-0: Foul Ball, location: 2F 2-1: Foul Ball, location: 2F 2-2: Ball 3-2: Fly out, F8 (Line Drive, 8RD, EV 105.6 MPH)
|
Batting: RHB Francisco Perez
|
0-0: Ball 1-0: Ball 2-0: Foul Ball, location: 2F 2-1: SINGLE (Line Drive, 4MD, EV 106.3 MPH) Gary Springer to third Michael Robbins to second Runner from 3rd tries for Home, SAFE, throw by CF to home
|
Batting: RHB Donald Devlin
|
0-0: Ball 1-0: Called Strike 1-1: Swinging Strike 1-2: Ball 2-2: Ball 3-2: Ground out 5-3 (Groundball, 5L, EV 83.1 MPH)
|
Bottom of the 8th over - 1 run, 3 hits, 0 errors, 2 left on base; St. Cloud 9 - Sioux Falls 6 |
TOP OF THE 9TH |
St. Cloud Rox batting - Pitching for Sioux Falls Packers : RHP Boyce Orosco
|
Batting: RHB Domingos Maravilhas
|
0-0: Foul Ball, location: 2F 0-1: Ball 1-1: Fly out, F9 (Flyball, 9, EV 81.9 MPH)
|
Batting: LHB Curtis Morgan
|
0-0: Called Strike 0-1: Ball 1-1: Swinging Strike 1-2: Strikes out swinging
|
Batting: RHB Rich Velasquez
|
0-0: Ball 1-0: Ball 2-0: Ball 3-0: Called Strike 3-1: Called Strike 3-2: Strikes out swinging
|
Top of the 9th over - 0 runs, 0 hits, 0 errors, 0 left on base; St. Cloud 9 - Sioux Falls 6 |
BOTTOM OF THE 9TH |
Sioux Falls Packers batting - Pitching for St. Cloud Rox : LHP Mark Shiflett
|
Batting: RHB Javier Flores
|
0-0: Ball 1-0: Foul Ball, location: 2F 1-1: Ball 2-1: Foul Ball, location: 2F 2-2: Ball 3-2: Base on Balls
|
Batting: LHB Mike Aldrete
|
0-0: Ball 1-0: Ball 2-0: Fly out, F5 (Popup, 56S, EV 76.3 MPH)
|
Batting: SHB Dan Hanggie
|
0-0: Called Strike 0-1: Ball 1-1: Ball 2-1: Ball 3-1: Called Strike 3-2: Fly out, F4 (Flyball, 34D, EV 82.5 MPH)
|
Batting: LHB Randy Salava
|
0-0: Called Strike 0-1: Ball 1-1: Swinging Strike 1-2: Strikes out swinging
|
Bottom of the 9th over - 0 runs, 0 hits, 0 errors, 1 left on base; St. Cloud 9 - Sioux Falls 6 |
|